 Dungeon Crawl Stone Soup version 0.31-a0-1606-g60c5cc7444 (webtiles) character file.

Game seed: 16221843097075105521

218 ZotIsNOTReal the Ruffian (level 5, -11/33 HPs)
             Began as an Octopode Shapeshifter on Jan 8, 2024.
             Mangled by an ice beast (13 damage)
             ... on level 5 of the Dungeon.
             The game lasted 00:03:43 (3533 turns).

ZotIsNOTReal the Ruffian (Octopode Shapeshifter)    Turns: 3533, Time: 00:03:44

Health: -11/33     AC:  1    Str: 15    XL:     5   Next: 95%
Magic:  5/5        EV: 12    Int: 12    God:
Gold:   144        SH:  8    Dex: 12    Spells: 4/4 levels left

rFire   . .          .
                       - Unarmed
rCold   . . .        d - +0 buckler
rNeg    + . .        (helmet currently unavailable)
rPois   .            l - amulet of reflection
rElec   .            o - ring of positive energy
rCorr   .            (no ring)
SInv    .            (no ring)
Will    .....        (no ring)
Stlth   ++           (no ring)
HPRegen 0.25/turn    (no ring)
MPRegen 0.09/turn    (no ring)
                     (no ring)

%: reflection
@: beast-form
A: beast (slay +1), almost no armour, amphibious, 8 rings, camouflage 1,
gelatinous body 1, (nimble swimmer 1), tentacles
a: Begin Untransformation


You were on level 5 of the Dungeon.
You were a hulking beast.
You visited 1 branch of the dungeon, and saw 5 of its levels.

You collected 144 gold pieces.

Inventory:

Armour
 d - a +0 buckler (worn)
Jewellery
 j - an amulet of regeneration
 l - an amulet of reflection (around mantle)
 o - a ring of positive energy (left tentacle)
Talismans
 b - a beast talisman
 c - a flux talisman
 h - a blade talisman
Scrolls
 g - a scroll of identify
 m - a scroll of poison
Potions
 a - a potion of lignification
 e - a potion of enlightenment
 f - 4 potions of heal wounds
 i - 2 potions of curing
 k - a potion of might
 n - a potion of attraction


   Skills:
 - Level 1.0 Fighting
 - Level 2.0 Dodging
 + Level 6.4 Unarmed Combat
 - Level 3.0 Shapeshifting


You had 4 spell levels left.
You didn't know any spells.
Your spell library contained the following spells:

 Spells                   Type           Power      Damage    Failure   Level
 Sandblast                Erth           0%         2d4       41%         1
 Lesser Beckoning         Tloc           0%         N/A       56%         2
 Dazzling Flash           Conj/Hex       0%         N/A       80%         3
 Gell's Gravitas          Tloc           0%         N/A       80%         3
 Inner Flame              Hex/Fire       0%         N/A       80%         3
 Mephitic Cloud           Conj/Alch/Air  0%         N/A       80%         3
 Passwall                 Erth           0%         N/A       80%         3
 Stone Arrow              Conj/Erth      0%         3d7       80%         3
 Teleport Other           Tloc           0%         N/A       80%         3
 Brom's Barrelling Bould  Conj/Erth      0%         2d3       99%         4
 Curse of Agony           Necr           0%         N/A       100%        5
 Irradiate                Conj/Alch      0%         3d11      100%        5
 Silence                  Hex/Air        0%         N/A       100%        5
 Ignition                 Fire           0%         3d3       100%        8


Dungeon Overview and Level Annotations

Branches:
Dungeon (5/15)
 Temple: D:4-7

Altars:
Ashenzari
Dithmenos
Uskayaw
Wu Jian

Shops:
D:2 [


Innate Abilities, Weirdness & Mutations

You are a hulking beast.
Your limbs bulge with bestial killing power. (Slay +1)
You cannot wear most types of armour.
You are amphibious.
You can wear up to eight rings at the same time.
Your skin changes colour to match your surroundings (Stealth+).
Your rubbery body absorbs attacks. (AC +1, EV +1)
((You are camouflaged when in or above water. (Stealth+)))
You have tentacles for arms and can constrict up to eight enemies at once.


Message History

The orc is almost dead.
You constrict the orc.
You kill the orc!
The orc barely misses you.
You bludgeon the orc!
You kill the orc!
No target in view!
No target in view!
p - a scroll labelled GETAOSS FORESCH You see here a +0 hand axe.
As you read the scroll labelled GETAOSS FORESCH, it crumbles to dust.
It is a scroll of amnesia.
You feel forgetful for a moment.
As you read the scroll of identify, it crumbles to dust.
n - a potion of attraction
Things that are here:
a +0 flail; a +0 chain mail; an orc corpse An ice beast comes into view.
An ice beast is nearby!
An ice beast is nearby!
An ice beast is nearby!
You now have 127 gold pieces (gained 13).
You now have 144 gold pieces (gained 17).
A white imp comes into view.
Okay, then.
You barely miss the ice beast.
The white imp shouts, "Flee, thou paunchy mumble-news surfacer!"
The white imp gestures at you. The puff of frost hits you!
The ice beast hits you. The ice beast freezes you!
You are too injured to fight recklessly!
You are too injured to fight recklessly!
You tentacle-slap the white imp. Your grab misses the white imp.
The white imp is moderately wounded.
The white imp gestures at you. The puff of frost hits you!
* * * LOW HITPOINT WARNING * * *
The ice beast hits you.
* * * LOW HITPOINT WARNING * * *
The ice beast freezes you!
You die...

..#..# .### #.#..#
.... ......
#..##.#..#
#.#........#
#.#.....##.# #
...........##.#.###
#........h5......
##.##.####Y.#.###
#....# ..# #.#..#
..# #.#..# ..#
##.#..###....
#..........##.
#..#..#######.
#..#.........


You could see an ice beast and a white imp.

Vanquished Creatures
  A sleepcap (D:5)
  An orc wizard (D:4)
  3 gnolls (D:3)
  4 adders
  3 ribbon worms
  2 dart slugs
  5 orcs
  8 bats
  4 endoplasms
  A giant cockroach (D:2)
  9 goblins
  9 hobgoblins
  11 jackals
  2 quokkas
  3 ball pythons
  7 frilled lizards
  3 kobolds
  7 rats
83 creatures vanquished.

Notes
Turn   | Place    | Note
-------+----------+-------------------------------------------
     0 | D:1      | ZotIsNOTReal the Octopode Shapeshifter began the quest for
                  | the Orb.
     0 | D:1      | Reached XP level 1. HP: 13/13 MP: 1/1
   214 | D:1      | Reached XP level 2. HP: 18/18 MP: 2/2
   672 | D:1      | Reached skill level 4 in Unarmed Combat
   695 | D:1      | Reached XP level 3. HP: 23/23 MP: 1/3
  1120 | D:2      | Found Elunt's Antique Armour Boutique.
  1412 | D:2      | Found an ornate altar of the Wu Jian Council.
  1472 | D:2      | Reached XP level 4. HP: 28/28 MP: 4/4
  1481 | D:2      | Reached skill level 5 in Unarmed Combat
  1958 | D:3      | Found a shadowy altar of Dithmenos.
  2003 | D:3      | Identified the ring "Ritih" {rElec Will+ Int+4 Slay-4}
  2121 | D:3      | Reached XP level 5. HP: 33/33 MP: 5/5
  2757 | D:4      | Found a hide-covered altar of Uskayaw.
  2759 | D:4      | Noticed a +0 hand axe
  2760 | D:4      | Noticed a +0 dagger
  2949 | D:4      | Found a broken altar of Ashenzari.
  3363 | D:5      | Entered Level 5 of the Dungeon
  3371 | D:5      | Reached skill level 6 in Unarmed Combat
  3516 | D:5      | Noticed an ice beast
  3533 | D:5      | Mangled by an ice beast

Illustrated notes

Levels and vault maps discovered:
D:1:      amcnicky_arrival_flooded_fountain, layout_basic
D:2:      layout_basic, serial_shops, nicolae_shop_real_fake_doors, basic_altar,
          minmay_small_reverse_x
D:3:      layout_basic, mainiacjoe_overflow_six_doors_small
D:4:      layout_loops_corners, ashenzari_altar_1, dancing_weapons_uskayaw,
          tgw_fedhas
D:5:      layout_loops_ring, kennysheep_mini_moat,
          nicolae_tso_swordbearing_angel, palyth_stone_intersect

Skill      XL: |  1  2  3  4  5 |
---------------+----------------+-----
Unarmed Combat | 4 5 6 |  6.4
Fighting       | |  1.0
Dodging        | |  2.0
Shapeshifting  | |  3.0

Action                     |  1- 3 |  4- 6 || total
---------------------------+-------+-------++-------
  Melee: Unarmed           |    72 |    76 ||   148
         Constrict         |    22 |    18 ||    40
         Tentacles         |    15 |    16 ||    31
         Punch             |     3 |     5 ||     8
    Use: Scroll            |     3 |     8 ||    11
   Stab: Sleeping          |     4 |     7 ||    11
 Armour: Skin              |    36 |    26 ||    62
  Dodge: Dodged            |    27 |    25 ||    52
  Block: Buckler           |     4 |    11 ||    15

Table legend: (Time is in decaauts)
 A = Elapsed time spent in this place.
 B = Non-inter-level travel time spent in this place.
 C = Inter-level travel time spent in this place.
 D = Time resting spent in this place.
 E = Time spent auto-exploring this place.
 F = Levels seen in this place.
 G = Mean time per level.
                   A        B        C        D        E       F      G
               +--------+--------+--------+--------+--------+-----+--------+
         Total |   3528 |   3415 |    113 |    220 |   2655 |   5 |  705.6 |
       Dungeon |   3528 |   3415 |    113 |    220 |   2655 |   5 |  705.6 |
               +--------+--------+--------+--------+--------+-----+--------+

Top non-repeatable levels by time:
     D:1: 961 daAuts
     D:4: 913 daAuts
     D:2: 879 daAuts
     D:3: 731 daAuts
     D:5: 42 daAuts
